 Dungeon Crawl Stone Soup version 0.30-a0-1094-g860fb061e7 (webtiles) character file.

Game seed: 16199748679641897886

5 Esekla the Sneak (level 1, 16/16 HPs)
             Began as an Octopode Delver on Apr 17, 2023.
             Quit the game on level 5 of the Dungeon.
             The game lasted 00:00:47 (73 turns).

Esekla the Sneak (Octopode Delver)                    Turns: 73, Time: 00:00:48

Health: 16/16      AC:  1    Str: 11    XL:     1   Next: 80%
Magic:  1/1        EV: 13    Int: 12    God:
Gold:   13         SH:  0    Dex: 13    Spells: 0/0 levels left

rFire   . . .      SeeInvis .    a - +0 falchion
rCold   . . .      Faith    .    (no shield)
rNeg    . . .      Spirit   .    (helmet restricted)
rPois   .          Reflect  .    (no amulet)
rElec   .          Rampage  .    (no ring)
rCorr   .                        (no ring)
Will    .....                    (no ring)
Stlth   ++++                     (no ring)
HPRegen 0.22/turn                (no ring)
MPRegen 0.07/turn                (no ring)
                                 (no ring)
                                 (no ring)

@: no status effects
A: almost no armour, amphibious, 8 rings, camouflage 1, gelatinous body 1,
(nimble swimmer 1), tentacles
a: no special abilities


You were on level 5 of the Dungeon.
You visited 1 branch of the dungeon, and saw 1 of its levels.

You collected 13 gold pieces.

Inventory:

Hand Weapons
 a - a +0 falchion (weapon)
Wands
 f - a wand of digging (3)
Scrolls
 b - a scroll of fog
 d - a scroll of fear
Potions
 e - a potion of haste
 g - a potion of heal wounds {unknown}


   Skills:
 * Level 3.0 Fighting
 * Level 2.0 Long Blades
 * Level 2.0 Dodging
 + Level 6.7 Stealth
 * Level 0.2 Spellcasting


You couldn't memorise any spells.
You didn't know any spells.
Your spell library was empty.

Dungeon Overview and Level Annotations

Branches:
Dungeon (5/15)
 Temple: D:4-7

Altars:
Okawaru


Innate Abilities, Weirdness & Mutations

You cannot wear most types of armour.
You are amphibious.
You can wear up to eight rings at the same time.
Your skin changes colour to match your surroundings (Stealth+).
Your rubbery body absorbs attacks. (AC +1, EV +1)
((You are camouflaged when in or above water. (Stealth+)))
You have tentacles for arms and can constrict up to eight enemies at once.


Message History

Welcome, Esekla the Octopode Delver.
It is said that the Orb of Zot exists deep within this dungeon.
Press ? for a list of commands and other information.
Found 13 gold pieces.
Found a stone staircase leading down.
You now have 13 gold pieces.
There is a stone staircase leading down here.
Found a red potion.
An ufetubus comes into view.
Found a stone staircase leading up.
You see here a red potion.
g - a red potion
As you read the scroll of magic mapping, it crumbles to dust.
You feel aware of your surroundings.
You sensed 1 altar.
Found a stone staircase leading up.
There is a stone staircase leading up here.
The ufetubus shouts!
You hit the ufetubus. You grab the ufetubus.
The ufetubus is heavily wounded.
You constrict the ufetubus. The ufetubus misses you.
The ufetubus closely misses you.
You hit the ufetubus.
You kill the ufetubus!
Found 4 stones.
Found a mace.
Found a falchion, a warped hand axe and a spear.
Found an iron altar of Okawaru.
You see here a +0 falchion.
An orc comes into view. It is wielding a +0 flail.
You see here the +1 hand axe of the Messenger {protect, rCorr Dex+2}.
Are you sure you want to abandon this character and quit the game? (Confirm with "yes".)

*,,,,,,,,**,,,,,*,* *,,,,
*****,**o##...,,,.#
*******,,**
*,**......,,..##*,,,,,,,,*
*,,,,.....,*...##.#****..##
*,****#...###...#.# *....
*,,,,,,...........## *,**#
****,*,,#.).).#,...## *....
*,*,*#.._..##..#(###.###
*,,..#.@.).#.......,,,..
**#............#.#**#..,
##...###...#..#* #...
##..,#...#...# #,.<
##.....##.#.# *...
########...# *... ##.####
*... #.##.##*#.#
#.#.#.###.#


You could see an orc (asleep).

Vanquished Creatures
  An ufetubus (D:5)
1 creature vanquished.

Notes
Turn   | Place    | Note
-------+----------+-------------------------------------------
     0 | D:5      | Esekla the Octopode Delver began the quest for the Orb.
     0 | D:5      | Reached XP level 1. HP: 16/16 MP: 1/1
    66 | D:5      | Found an iron altar of Okawaru.
    72 | D:5      | Identified the +1 hand axe of the Messenger {protect, rCorr
                  | Dex+2}
    73 | D:5      | Quit the game

Illustrated notes

Levels and vault maps discovered:
D:5:      layout_loops_cross, okawaru_ov_weapons_minmay,
          nicolae_underground_beach, uniq_blork_the_orc, uniq_duvessa

Action                     || total
---------------------------++-------
  Melee: Falchion          ||     2
         Constrict         ||     1
    Use: Scroll            ||     1
  Dodge: Dodged            ||     2

Table legend: (Time is in decaauts)
 A = Elapsed time spent in this place.
 B = Non-inter-level travel time spent in this place.
 C = Inter-level travel time spent in this place.
 D = Time resting spent in this place.
 E = Time spent auto-exploring this place.
 F = Levels seen in this place.
 G = Mean time per level.
                   A        B        C        D        E       F      G
               +--------+--------+--------+--------+--------+-----+--------+
         Total |     73 |     73 |      0 |      0 |      0 |   1 |   73.0 |
       Dungeon |     73 |     73 |      0 |      0 |      0 |   1 |   73.0 |
               +--------+--------+--------+--------+--------+-----+--------+

Top non-repeatable levels by time:
     D:5: 73 daAuts
